| TOP OF THE 1ST |
|
Colorado (EL) Rockies batting - Pitching for Mobile BayBears : LHP Jesus Gallegos
|
|
Pitching: LHP Jesus Gallegos
|
|
|
Batting: LHB Nick Martin
|
0-0: Ball 1-0: Ball 2-0: Ball 3-0: Foul Ball, location: 2F 3-1: Bunted foul 3-2: Foul Ball, location: 2F 3-2: Foul Ball, location: 2F 3-2: Strikes out looking
|
|
Batting: RHB Matviy Oliynyk
|
0-0: Ball 1-0: Reached on error, E5 (Groundball, 5, EV 90.0 MPH)
|
|
Batting: RHB T.J. Williams
|
0-0: Ball 1-0: Grounds into double play, 4-6-3 (Groundball, 4, EV 90.6 MPH)
|
| Top of the 1st over - 0 runs, 0 hits, 1 error, 0 left on base; Colorado (EL) 0 - Mobile 0 |
| BOTTOM OF THE 1ST |
|
Mobile BayBears batting - Pitching for Colorado (EL) Rockies : RHP Jalen Young
|
|
Pitching: RHP Jalen Young
|
|
|
Batting: RHB Carlos Ballesteros
|
0-0: Called Strike 0-1: Foul Ball, location: 2F 0-2: Foul Ball, location: 2F 0-2: Foul Ball, location: 2F 0-2: Ball 1-2: Ball 2-2: Strikes out swinging
|
|
Batting: LHB Koson Hirai
|
0-0: Ground out U3 (Groundball, 34, EV 99.4 MPH)
|
|
Batting: RHB Blake Beale
|
0-0: Fly out, F5 (Line Drive, 5, EV 75.0 MPH)
|
| Bottom of the 1st over - 0 runs, 0 hits, 0 errors, 0 left on base; Colorado (EL) 0 - Mobile 0 |
| TOP OF THE 2ND |
|
Colorado (EL) Rockies batting - Pitching for Mobile BayBears : LHP Jesus Gallegos
|
|
Batting: RHB Chris Osting
|
0-0: Ball 1-0: Swinging Strike 1-1: Fly out, F6 (Popup, 6, EV 68.1 MPH)
|
|
Batting: RHB Ray Insley
|
0-0: Ball 1-0: Called Strike 1-1: Called Strike 1-2: Ball 2-2: Ball 3-2: Foul Ball, location: 2F 3-2: Foul Ball, location: 2F 3-2: Foul Ball, location: 2F 3-2: Foul Ball, location: 2F 3-2: Ground out 6-3 (Groundball, 6S, EV 93.1 MPH)
|
|
Batting: RHB Pei Xie
|
0-0: Ball 1-0: SINGLE (Groundball, 56D, EV 97.5 MPH)
|
|
Batting: RHB Yamashita Yagi
|
0-0: Ball Pei Xie is caught stealing 2nd base 2-4
|
| Top of the 2nd over - 0 runs, 1 hit, 0 errors, 0 left on base; Colorado (EL) 0 - Mobile 0 |
| BOTTOM OF THE 2ND |
|
Mobile BayBears batting - Pitching for Colorado (EL) Rockies : RHP Jalen Young
|
|
Batting: RHB Chris Bittner
|
0-0: Swinging Strike 0-1: Ball 1-1: Foul Ball, location: 2F 1-2: Foul Ball, location: 2F 1-2: Ball 2-2: Foul Ball, location: 2F 2-2: Ball 3-2: Base on Balls
|
|
Batting: LHB T.J. Duvall
|
0-0: Ball 1-0: Ball 2-0: Foul Ball, location: 2F 2-1: Swinging Strike 2-2: Foul Ball, location: 2F 2-2: Foul Ball, location: 2F 2-2: Ball 3-2: Base on Balls Chris Bittner to second
|
|
Batting: RHB Franklin Villanueva
|
0-0: Called Strike 0-1: Foul Ball, location: 2F 0-2: Ball 1-2: Ball 2-2: Ball 3-2: Grounds into double play, 5-4-3 (Groundball, 56S, EV 76.2 MPH) Chris Bittner to third
|
|
Batting: SHB Ed Vargas
|
0-0: Ball 1-0: Ball 2-0: Ball 3-0: Called Strike 3-1: Foul Ball, location: 2F 3-2: Ground out 6-3 (Groundball, 6, EV 85.0 MPH)
|
| Bottom of the 2nd over - 0 runs, 0 hits, 0 errors, 1 left on base; Colorado (EL) 0 - Mobile 0 |
| TOP OF THE 3RD |
|
Colorado (EL) Rockies batting - Pitching for Mobile BayBears : LHP Jesus Gallegos
|
|
Batting: RHB Yamashita Yagi
|
0-0: Ball 1-0: Ball 2-0: SINGLE (Groundball, 4MD, EV 104.4 MPH)
|
|
Batting: LHB Daniel Green
|
0-0: Ball 1-0: Foul Ball, location: 2F 1-1: Foul Ball, location: 2F 1-2: Foul Ball, location: 2F 1-2: Foul Ball, location: 2F 1-2: Ball 2-2: Fly out, F9 (Line Drive, 9S, EV 88.8 MPH)
|
|
Batting: LHB Harry Folsom
|
0-0: Fielders Choice at 2nd, 5-4 (Groundball, 56S, EV 80.0 MPH)
|
|
Batting: LHB Nick Martin
|
0-0: Fly out, F4 (Popup, 4M, EV 80.0 MPH)
|
| Top of the 3rd over - 0 runs, 1 hit, 0 errors, 1 left on base; Colorado (EL) 0 - Mobile 0 |
| BOTTOM OF THE 3RD |
|
Mobile BayBears batting - Pitching for Colorado (EL) Rockies : RHP Jalen Young
|
|
Batting: RHB Jeremy Adams
|
0-0: SINGLE (Line Drive, 89S, EV 103.1 MPH)
|
|
Batting: RHB Yasuo Nakata
|
0-0: Ball 1-0: Swinging Strike 1-1: Ball 2-1: Called Strike 2-2: SINGLE (Line Drive, 34, EV 98.8 MPH) Jeremy Adams to second
|
|
Batting: RHB Carlos Ballesteros
|
0-0: Ball 1-0: Called Strike 1-1: Ball 2-1: Ground out 4-3 (Groundball, 4MS, EV 64.4 MPH) Jeremy Adams to third Yasuo Nakata to second
|
|
Batting: LHB Koson Hirai
|
0-0: Fly out, F8 (Flyball, 8RD, EV 96.9 MPH)
|
|
Batting: RHB Blake Beale
|
0-0: Called Strike 0-1: Swinging Strike 0-2: Strikes out swinging
|
| Bottom of the 3rd over - 0 runs, 2 hits, 0 errors, 2 left on base; Colorado (EL) 0 - Mobile 0 |
| TOP OF THE 4TH |
|
Colorado (EL) Rockies batting - Pitching for Mobile BayBears : LHP Jesus Gallegos
|
|
Batting: RHB Matviy Oliynyk
|
0-0: Ball 1-0: Called Strike 1-1: Called Strike 1-2: Ball 2-2: Strikes out looking
|
|
Batting: RHB T.J. Williams
|
0-0: Ball 1-0: Ball 2-0: Ball 3-0: Called Strike 3-1: SOLO HOME RUN (Flyball, 7LD, EV 95.6 MPH), Distance : 352 ft
|
|
Batting: RHB Chris Osting
|
0-0: Ball 1-0: Called Strike 1-1: DOUBLE (Line Drive, 9LS, EV 97.5 MPH)
|
|
Batting: RHB Ray Insley
|
0-0: 2-RUN HOME RUN (Flyball, 7D, EV 98.8 MPH), Distance : 408 ft
|
|
Batting: RHB Pei Xie
|
0-0: Called Strike 0-1: Swinging Strike 0-2: Ball 1-2: Ground out 6-3 (Groundball, 56, EV 83.1 MPH)
|
|
Batting: RHB Yamashita Yagi
|
0-0: Called Strike 0-1: Foul Ball, location: 2F 0-2: Foul Ball, location: 2F 0-2: Ball 1-2: Foul Ball, location: 2F 1-2: Ball 2-2: Strikes out looking
|
| Top of the 4th over - 3 runs, 3 hits, 0 errors, 0 left on base; Colorado (EL) 3 - Mobile 0 |
| BOTTOM OF THE 4TH |
|
Mobile BayBears batting - Pitching for Colorado (EL) Rockies : RHP Jalen Young
|
|
Batting: RHB Chris Bittner
|
0-0: Ball 1-0: Ball 2-0: Ball 3-0: Swinging Strike 3-1: Called Strike 3-2: Base on Balls
|
|
Batting: LHB T.J. Duvall
|
0-0: Called Strike 0-1: Called Strike 0-2: Ball 1-2: Ball 2-2: Ground out 4-3 (Groundball, 13, EV 85.0 MPH) Chris Bittner to second
|
|
Batting: RHB Franklin Villanueva
|
0-0: Ball 1-0: Ball 2-0: Ball 3-0: Called Strike 3-1: TRIPLE (Groundball, 5L, EV 105.0 MPH) Chris Bittner scores
|
|
Batting: SHB Ed Vargas
|
0-0: Ball 1-0: Foul Ball, location: 2F 1-1: Ground out U3 (Groundball, 3, EV 85.0 MPH)
|
|
Batting: RHB Jeremy Adams
|
0-0: Ball 1-0: Ball 2-0: SINGLE (Groundball, 6MD, EV 101.2 MPH) Franklin Villanueva scores
|
|
Batting: RHB Yasuo Nakata
|
0-0: Called Strike 0-1: Fly out, F8 (Flyball, 8LM, EV 81.2 MPH)
|
| Bottom of the 4th over - 2 runs, 2 hits, 0 errors, 1 left on base; Colorado (EL) 3 - Mobile 2 |
| TOP OF THE 5TH |
|
Colorado (EL) Rockies batting - Pitching for Mobile BayBears : LHP Jesus Gallegos
|
|
Batting: LHB Daniel Green
|
0-0: Fly out, F8 (Flyball, 8RD, EV 107.5 MPH)
|
|
Batting: LHB Harry Folsom
|
0-0: Called Strike 0-1: Ball 1-1: Swinging Strike 1-2: Ball 2-2: Ball 3-2: Fly out, F9 (Flyball, 9, EV 84.4 MPH)
|
|
Batting: LHB Nick Martin
|
0-0: Called Strike 0-1: Called Strike 0-2: Strikes out swinging
|
| Top of the 5th over - 0 runs, 0 hits, 0 errors, 0 left on base; Colorado (EL) 3 - Mobile 2 |
| BOTTOM OF THE 5TH |
|
Mobile BayBears batting - Pitching for Colorado (EL) Rockies : RHP Jalen Young
|
|
Batting: RHB Carlos Ballesteros
|
0-0: Swinging Strike 0-1: Called Strike 0-2: Ball 1-2: Ball 2-2: Ground out U3 (Groundball, 34S, EV 85.6 MPH)
|
|
Batting: LHB Koson Hirai
|
0-0: Ball 1-0: Fly out, F8 (Flyball, 8RXD, EV 109.4 MPH)
|
|
Batting: RHB Blake Beale
|
0-0: Called Strike 0-1: Ball 1-1: Called Strike 1-2: Ball 2-2: Foul Ball, location: 2F 2-2: Strikes out looking
|
| Bottom of the 5th over - 0 runs, 0 hits, 0 errors, 0 left on base; Colorado (EL) 3 - Mobile 2 |
| TOP OF THE 6TH |
|
Colorado (EL) Rockies batting - Pitching for Mobile BayBears : LHP Jesus Gallegos
|
|
Batting: RHB Matviy Oliynyk
|
0-0: Ball 1-0: Called Strike 1-1: Called Strike 1-2: Ball 2-2: Ball 3-2: Strikes out looking
|
|
Batting: RHB T.J. Williams
|
0-0: Called Strike 0-1: Called Strike 0-2: Ball 1-2: Foul Ball, location: 2F 1-2: SINGLE (Line Drive, 8RS, EV 89.4 MPH)
|
|
Batting: RHB Chris Osting
|
0-0: Called Strike 0-1: Ball 1-1: Ball 2-1: Foul Ball, location: 2F 2-2: Ball 3-2: DOUBLE (Line Drive, 7LM, EV 101.2 MPH) T.J. Williams to third Runner from 3rd tries for Home, SAFE, throw by LF to trailing runner, OUT at third! 7-3-5
|
|
Batting: RHB Ray Insley
|
0-0: Called Strike 0-1: Fly out, F7 (Flyball, 78M, EV 88.1 MPH)
|
| Top of the 6th over - 1 run, 2 hits, 0 errors, 0 left on base; Colorado (EL) 4 - Mobile 2 |
| BOTTOM OF THE 6TH |
|
Mobile BayBears batting - Pitching for Colorado (EL) Rockies : RHP Jalen Young
|
|
Batting: RHB Chris Bittner
|
0-0: Called Strike 0-1: Foul Ball, location: 2F 0-2: Strikes out looking
|
|
Pitching: RHP Michael Conrad
|
|
|
Batting: LHB T.J. Duvall
|
0-0: Ground out 6-3 (Groundball, 6, EV 107.5 MPH)
|
|
Batting: RHB Franklin Villanueva
|
0-0: Ground out 5-3 (Groundball, 56S, EV 87.5 MPH)
|
| Bottom of the 6th over - 0 runs, 0 hits, 0 errors, 0 left on base; Colorado (EL) 4 - Mobile 2 |
| TOP OF THE 7TH |
|
Colorado (EL) Rockies batting - Pitching for Mobile BayBears : LHP Jesus Gallegos
|
|
Pitching: RHP Jason Hammons
|
|
|
Batting: RHB Pei Xie
|
0-0: Called Strike 0-1: Ground out 4-3 (Groundball, 4, EV 92.5 MPH)
|
|
Batting: RHB Yamashita Yagi
|
0-0: SOLO HOME RUN (Flyball, 78XD, EV 102.5 MPH), Distance : 413 ft
|
|
Batting: LHB Daniel Green
|
0-0: Called Strike 0-1: Fly out, F8 (Flyball, 8RM, EV 93.1 MPH)
|
|
Batting: LHB Harry Folsom
|
0-0: Called Strike 0-1: Called Strike 0-2: Ball 1-2: Ball 2-2: Ball 3-2: Strikes out looking
|
| Top of the 7th over - 1 run, 1 hit, 0 errors, 0 left on base; Colorado (EL) 5 - Mobile 2 |
| BOTTOM OF THE 7TH |
|
Mobile BayBears batting - Pitching for Colorado (EL) Rockies : RHP Michael Conrad
|
|
Pitching: RHP Manny Lebron
|
|
|
Batting: SHB Ed Vargas
|
0-0: Foul Ball, location: 2F 0-1: SINGLE (Line Drive, 78M, EV 87.5 MPH)
|
|
Batting: RHB Jeremy Adams
|
0-0: Grounds into double play, 5-4-3 (Groundball, 56, EV 101.9 MPH)
|
|
Batting: RHB Yasuo Nakata
|
0-0: Foul Ball, location: 2F 0-1: Ground out 6-3 (Groundball, 6, EV 103.1 MPH)
|
| Bottom of the 7th over - 0 runs, 1 hit, 0 errors, 0 left on base; Colorado (EL) 5 - Mobile 2 |
| TOP OF THE 8TH |
|
Colorado (EL) Rockies batting - Pitching for Mobile BayBears : RHP Jason Hammons
|
|
Batting: LHB Nick Martin
|
0-0: Ball 1-0: Ball 2-0: Fly out, F7 (Line Drive, 7, EV 91.9 MPH)
|
|
Batting: RHB Matviy Oliynyk
|
0-0: Swinging Strike 0-1: Swinging Strike 0-2: Ball 1-2: Foul Ball, location: 2F 1-2: Strikes out swinging
|
|
Batting: RHB T.J. Williams
|
0-0: Ball 1-0: SOLO HOME RUN (Flyball, 7LD, EV 94.4 MPH), Distance : 356 ft
|
|
Batting: RHB Chris Osting
|
0-0: Called Strike 0-1: Ball 1-1: Fly out, F6 (Popup, 6MD, EV 65.6 MPH)
|
| Top of the 8th over - 1 run, 1 hit, 0 errors, 0 left on base; Colorado (EL) 6 - Mobile 2 |
| BOTTOM OF THE 8TH |
|
Mobile BayBears batting - Pitching for Colorado (EL) Rockies : RHP Manny Lebron
|
|
Batting: RHB Carlos Ballesteros
|
0-0: Ball 1-0: Swinging Strike 1-1: Ball 2-1: Fly out, F8 (Line Drive, 78M, EV 88.8 MPH)
|
|
Batting: LHB Koson Hirai
|
0-0: Ground out 1-3 (Groundball, 13S, EV 70.6 MPH)
|
|
Batting: RHB Blake Beale
|
0-0: Ball 1-0: Ball 2-0: Ball 3-0: Called Strike 3-1: Base on Balls
|
|
Batting: RHB Chris Bittner
|
0-0: Fly out, F8 (Flyball, 8RXD, EV 100.0 MPH)
|
| Bottom of the 8th over - 0 runs, 0 hits, 0 errors, 1 left on base; Colorado (EL) 6 - Mobile 2 |
| TOP OF THE 9TH |
|
Colorado (EL) Rockies batting - Pitching for Mobile BayBears : RHP Jason Hammons
|
|
Pitching: LHP Jon Davis
|
|
|
Batting: RHB Ray Insley
|
0-0: Ball 1-0: Ground out 6-3 (Groundball, 6M, EV 83.8 MPH)
|
|
Batting: RHB Pei Xie
|
0-0: Called Strike 0-1: DOUBLE (Flyball, 89D, EV 110.6 MPH)
|
|
Batting: RHB Yamashita Yagi
|
0-0: Ground out 6-3 (Groundball, 6, EV 79.4 MPH)
|
|
Batting: LHB Daniel Green
|
0-0: Called Strike 0-1: Called Strike 0-2: Fly out, F8 (Flyball, 8RD, EV 99.4 MPH)
|
| Top of the 9th over - 0 runs, 1 hit, 0 errors, 1 left on base; Colorado (EL) 6 - Mobile 2 |
| BOTTOM OF THE 9TH |
|
Mobile BayBears batting - Pitching for Colorado (EL) Rockies : RHP Manny Lebron
|
|
Pitching: RHP Jim Micaletti
|
|
|
Batting: LHB T.J. Duvall
|
0-0: Ball 1-0: Called Strike 1-1: Ball 2-1: Foul Ball, location: 2F 2-2: Foul Ball, location: 2F 2-2: SINGLE (Groundball, 6MS, EV 63.8 MPH) (infield hit)
|
|
Batting: RHB Franklin Villanueva
|
0-0: Ball 1-0: Ball 2-0: Called Strike 2-1: Fly out, F9 (Flyball, 9LS, EV 80.0 MPH)
|
|
Batting: SHB Ed Vargas
|
0-0: Ball 1-0: Ball 2-0: Fielders Choice at 2nd, 2-6 (Groundball, 2R, EV 70.0 MPH)
|
|
Batting: RHB Jeremy Adams
|
0-0: Called Strike 0-1: Swinging Strike 0-2: Ball 1-2: Foul Ball, location: 2F 1-2: Foul Ball, location: 2F 1-2: Ball 2-2: Ball Wild Pitch! Ed Vargas to second 3-2: Base on Balls
|
|
Batting: RHB Yasuo Nakata
|
0-0: Fielders Choice at 2nd, 5-4 (Groundball, 5L, EV 100.0 MPH)
|
| Bottom of the 9th over - 0 runs, 1 hit, 0 errors, 2 left on base; Colorado (EL) 6 - Mobile 2 |
|